 Dungeon Crawl Stone Soup version 0.27-a0-1332-g84bddb5ca7 (webtiles) character file.

Game seed: 10468120236793900554

2 Brandom the Sneak (level 1, -1/18 HPs)
             Began as a Demigod Delver on June 26, 2021.
             Slain by a bullfrog zombie (6 damage)
             ... on level 5 of the Dungeon.
             The game lasted 00:00:38 (51 turns).

Brandom the Sneak (Demigod Delver)                    Turns: 51, Time: 00:00:38

Health: -1/18      AC:  3    Str: 13    XL:     1   Next: 26%
Magic:  3/3        EV: 12    Int: 12    God:
Gold:   20         SH:  0    Dex: 15    Spells: 0/0 levels left

rFire    . . .     SeeInvis .   a - +0 mace
rCold    . . .     Faith    .   (no shield)
rNeg     . . .     Spirit   .   b - +0 leather armour
rPois    .         Reflect  .   (no helmet)
rElec    .         Harm     .   (no cloak)
rCorr    .         Rampage  .   (no gloves)
Will     .....                  (no boots)
Stlth    +++.......             (no amulet)
HPRegen  0.06/turn              (no ring)
MPRegen  0.08/turn              (no ring)

@: no status effects
A: high mp 1, forlorn
a: no special abilities


You were on level 5 of the Dungeon.
You visited 1 branch of the dungeon, and saw 1 of its levels.

You collected 20 gold pieces.

Inventory:

Hand Weapons
 a - a +0 mace (weapon)
Armour
 b - a +0 leather armour (worn)
Wands
 v - a wand of digging (3)
Scrolls
 c - a scroll of fog
 d - a scroll of magic mapping
 e - a scroll of fear
Potions
 f - a potion of haste {@q3}


   Skills:
 * Level 2.7 Fighting
 * Level 1.9 Maces & Flails
 + Level 1.8 Dodging
 - Level 4.5 Stealth


You couldn't memorise any spells.
You didn't know any spells.
Your spell library contained the following spells:

 Spells                   Type           Power      Damage    Failure   Level
 Corona                   Hex            0%         N/A       38%         1
 Ensorcelled Hibernation  Hex/Ice        0%         N/A       54%         2
 Confusing Touch          Hex            0%         N/A       77%         3
 Dazzling Flash           Conj/Hex       0%         N/A       77%         3
 Tukima's Dance           Hex            0%         N/A       77%         3


Dungeon Overview and Level Annotations

Branches:
Dungeon (5/15)
 Temple: D:4-7


Innate Abilities, Weirdness & Mutations

Your attributes grow dramatically as you level up.
You have an increased reservoir of magic. (+10% MP)
You shall have no god before yourself.


Message History

Found a stone staircase leading down.
There is a stone staircase leading down here.
Found a paperback book.
Found a stone staircase leading down.
You pick up a book of Maledictions and begin reading...
You add the spells Corona, Ensorcelled Hibernation, Confusing Touch, Tukima's Dance and Dazzling Flash to your library.
You open the door.
A black bear comes into view.
The black bear growls angrily.
You close the door.
Found 12 gold pieces.
Found 12 gold pieces.
As you open the door, it creaks loudly!
You hear a shout!
Found 20 gold pieces.
There is an open door here.
You now have 20 gold pieces.
You open the door.
Found 26 gold pieces and a square soapstone amulet.
A zombie and a dart slug come into view.
Found 15 gold pieces.
There is an open door here.
The helpless dart slug fails to defend itself.
You hit the dart slug. The dart slug bites you.
You hit the dart slug. The dart slug barely misses you.
You hit the dart slug but do no damage. The bullfrog zombie closely misses you.
The dart slug launches a dart at you. The slug dart misses you.
The bullfrog zombie hits you but does no damage.
You hit the dart slug. The bullfrog zombie hits you. The dart slug bites you.
The bullfrog zombie hits you.
You hit the dart slug.
The bullfrog zombie hits you but does no damage.
The dart slug bites you but does no damage.
You completely miss the dart slug.
The bullfrog zombie hits you but does no damage.
The bullfrog zombie barely misses you. The dart slug bites you.
You hit the dart slug.
You kill the dart slug!
The bullfrog zombie hits you.
* * * LOW HITPOINT WARNING * * *
The bullfrog zombie barely misses you.
You hit the bullfrog zombie. The bullfrog zombie barely misses you.
The bullfrog zombie closely misses you.
Unknown command.
You barely miss the bullfrog zombie. The bullfrog zombie barely misses you.
Unknown command.
You sock the bullfrog zombie!
The bullfrog zombie hits you but does no damage.
The bullfrog zombie hits you.
You die...

..... #.........
#.....#.........
#..h.#.........
#...+.#...##..
###+##### #.##.# ##>
#.....#.## #..#.####.
#.."..#..## #......#..
+.$.$.'...###..>.#.#..
#..$Z@#....##..#.#....
#.$...#.....#..#####..
###+####....#..# #..
##...'..# #.. ##..#..#
#.. ##.#..# #.. ###..#
#.. #$.# #.. ..$#


You could see a bullfrog zombie.

Vanquished Creatures
  A dart slug (D:5)
1 creature vanquished.

Notes
Turn   | Place    | Note
-------+----------+-------------------------------------------
     0 | D:5      | Brandom the Demigod Delver began the quest for the Orb.
     0 | D:5      | Reached XP level 1. HP: 18/18 MP: 3/3
    21 | D:5      | Noticed a black bear
    51 | D:5      | Slain by a bullfrog zombie

Illustrated notes

Levels and vault maps discovered:
D:5:      kennysheep_slugbush, layout_rooms,
          grunt_temple_overflow_forces_of_nature,
          minmay_temple_entry_sparse_star, minmay_quadrilaterals

Action                   || total
-------------------------++-------
Melee: Mace              ||    10
 Stab: Sleeping          ||     1
Armor: Leather armour    ||     5
Dodge: Dodged            ||     8

Table legend: (Time is in decaauts)
 A = Elapsed time spent in this place.
 B = Non-inter-level travel time spent in this place.
 C = Inter-level travel time spent in this place.
 D = Time resting spent in this place.
 E = Time spent auto-exploring this place.
 F = Levels seen in this place.
 G = Mean time per level.
                   A        B        C        D        E       F      G
               +--------+--------+--------+--------+--------+-----+--------+
         Total |     53 |     53 |      0 |      0 |     20 |   1 |   53.0 |
       Dungeon |     53 |     53 |      0 |      0 |     20 |   1 |   53.0 |
               +--------+--------+--------+--------+--------+-----+--------+

Top non-repeatable levels by time:
     D:5: 53 daAuts
